3229 views
Uploaded 2020-03-17 20:46:23
Game version 1.32.2
63:58 long 4on4 ladder game on (8)Northshire_LV
Saved by BEARAND
3229 views
Uploaded 2020-03-17 20:46:23
Game version 1.32.2
63:58 long 4on4 ladder game on (8)Northshire_LV


218 units @ 24.4k
/ 2.6k
457 buildings @ 22.6k
/ 12.9k



| Scroll of Regeneration | 1 | 100 |
| Staff of Sanctuary | 3 | 750 |
| Orb of Fire | 2 | 650 |
| Staff of Teleportation | 3 | 450 |
| Boots of Speed | 2 | 500 |
| total: | 11 | 2450g |
| Peasant | 50 | 3750 | / | 0 |
| Flying Machine | 20 | 2000 | / | 600 |
| total: | 70 | 5750g | / | 600w |
| Scout Tower | 101 | 3030 | / | 2020 |
| Arcane Tower | 4 | 280 | / | 200 |
| Guard Tower | 42 | 2940 | / | 2100 |
| Altar of Kings | 1 | 180 | / | 50 |
| Farm | 13 | 1040 | / | 260 |
| Lumber Mill | 1 | 120 | / | 0 |
| Town Hall | 2 | 770 | / | 410 |
| Arcane Vault | 5 | 650 | / | 150 |
| Blacksmith | 1 | 140 | / | 60 |
| Arcane Sanctum | 1 | 150 | / | 140 |
| Workshop | 6 | 840 | / | 840 |
| Keep | 1 | 320 | / | 210 |
| Castle | 1 | 360 | / | 210 |
| total: | 131 | 6920g | / | 3930w |
| 0:01 | Peasant |
| 0:06 | Altar of Kings |
| 0:14 | Peasant |
| 0:17 | Farm |
| 0:21 | Peasant |
| 0:33 | Peasant |
| 0:48 | Lumber Mill |
| 0:54 | Peasant |
| 1:03 | Farm |
| 1:11 | Peasant |
| 1:20 | Peasant |
| 1:32 | Scout Tower |
| 1:33 | Peasant |
| 1:42 | Peasant |
| 1:51 | Peasant |
| 1:53 | Improved Masonry |
| 1:56 | Scout Tower |
| 2:03 | Arcane Tower |
| 2:05 | Blizzard |
| 2:22 | Peasant |
| 2:24 | Scout Tower |
| 2:25 | Scout Tower |
| 2:51 | Peasant |
| 2:53 | Guard Tower |
| 2:55 | Peasant |
| 2:57 | Scout Tower |
| 3:24 | Brilliance Aura |
| 3:33 | Peasant |
| 3:33 | Arcane Tower |
| 3:41 | Town Hall |
| 3:45 | Farm |
| 3:48 | Peasant |
| 3:59 | Peasant |
| 4:29 | Peasant |
| 4:35 | Guard Tower |
| 4:36 | Scout Tower |
| 4:37 | Scout Tower |
| 4:47 | Peasant |
| 5:08 | Guard Tower |
| 5:10 | Peasant |
| 5:10 | Peasant |
| 5:14 | Keep |
| 5:34 | Blizzard |
| 5:47 | Scout Tower |
| 5:48 | Guard Tower |
| 5:50 | Scout Tower |
| 5:56 | Farm |
| 5:57 | Peasant |
| 5:58 | Peasant |
| 6:28 | Guard Tower |
| 6:29 | Scout Tower |
| 6:29 | Scout Tower |
| 6:50 | Staff of Teleportation |
| 6:53 | Peasant |
| 6:53 | Peasant |
| 7:03 | Guard Tower |
| 7:04 | Scout Tower |
| 7:12 | Scout Tower |
| 7:17 | Arcane Vault |
| 7:20 | Scout Tower |
| 7:25 | Scout Tower |
| 7:31 | Guard Tower |
| 7:45 | Scout Tower |
| 7:54 | Scout Tower |
| 8:19 | Arcane Tower |
| 8:19 | Peasant |
| 8:19 | Peasant |
| 8:19 | Peasant |
| 8:20 | Peasant |
| 8:20 | Peasant |
| 8:25 | Guard Tower |
| 8:27 | Scout Tower |
| 8:27 | Scout Tower |
| 8:29 | Scout Tower |
| 8:30 | Scout Tower |
| 8:31 | Advanced Masonry |
| 8:43 | Peasant |
| 8:47 | Scout Tower |
| 8:48 | Scout Tower |
| 8:49 | Peasant |
| 9:01 | Guard Tower |
| 9:03 | Arcane Vault |
| 9:07 | Scout Tower |
| 9:08 | Peasant |
| 9:11 | Scout Tower |
| 9:17 | Guard Tower |
| 9:20 | Scout Tower |
| 9:20 | Guard Tower |
| 9:22 | Scout Tower |
| 9:23 | Scout Tower |
| 9:28 | Peasant |
| 9:29 | Peasant |
| 9:30 | Scout Tower |
| 9:31 | Scout Tower |
| 9:35 | Scout Tower |
| 9:39 | Guard Tower |
| 9:51 | Guard Tower |
| 10:05 | Guard Tower |
| 10:08 | Scout Tower |
| 10:13 | Scout Tower |
| 10:13 | Scout Tower |
| 10:18 | Guard Tower |
| 10:20 | Scout Tower |
| 10:32 | Scout Tower |
| 10:35 | Guard Tower |
| 10:35 | Peasant |
| 10:36 | Peasant |
| 10:47 | Guard Tower |
| 11:03 | Storm Bolt |
| 11:27 | Guard Tower |
| 11:44 | Peasant |
| 11:44 | Peasant |
| 12:14 | Peasant |
| 12:45 | Peasant |
| 12:45 | Peasant |
| 12:54 | Scout Tower |
| 12:55 | Scout Tower |
| 12:55 | Scout Tower |
| 12:57 | Scout Tower |
| 12:58 | Scout Tower |
| 12:58 | Scout Tower |
| 13:03 | Peasant |
| 13:21 | Peasant |
| 13:32 | Guard Tower |
| 13:34 | Town Hall |
| 13:36 | Scout Tower |
| 13:56 | Guard Tower |
| 13:58 | Scout Tower |
| 13:59 | Scout Tower |
| 13:59 | Scout Tower |
| 14:00 | Guard Tower |
| 14:02 | Peasant |
| 14:03 | Peasant |
| 14:04 | Arcane Tower |
| 14:21 | Staff of Teleportation |
| 14:28 | Guard Tower |
| 14:29 | Scout Tower |
| 14:29 | Scout Tower |
| 14:29 | Scout Tower |
| 14:30 | Scout Tower |
| 14:30 | Scout Tower |
| 14:31 | Scout Tower |
| 14:34 | Guard Tower |
| 14:36 | Peasant |
| 14:59 | Guard Tower |
| 15:10 | Peasant |
| 15:10 | Peasant |
| 15:12 | Castle |
| 15:50 | Guard Tower |
| 15:51 | Scout Tower |
| 15:51 | Scout Tower |
| 15:53 | Scout Tower |
| 16:18 | Brilliance Aura |
| 16:24 | Guard Tower |
| 16:25 | Scout Tower |
| 16:25 | Scout Tower |
| 16:26 | Scout Tower |
| 16:30 | Arcane Sanctum |
| 17:06 | Scroll of Regeneration |
| 17:48 | Arcane Vault |
| 17:49 | Arcane Vault |
| 17:49 | Arcane Vault |
| 17:53 | Guard Tower |
| 18:05 | Imbued Masonry |
| 18:06 | Magic Sentry |
| 18:32 | Peasant |
| 18:33 | Peasant |
| 18:52 | Guard Tower |
| 19:05 | Guard Tower |
| 19:35 | Holy Light |
| 20:03 | Staff of Teleportation |
| 20:03 | Boots of Speed |
| 20:07 | Boots of Speed |
| 20:21 | Staff of Sanctuary |
| 20:22 | Staff of Sanctuary |
| 20:26 | Orb of Fire |
| 20:27 | Orb of Fire |
| 21:00 | Scout Tower |
| 21:00 | Scout Tower |
| 21:00 | Scout Tower |
| 21:02 | Scout Tower |
| 21:02 | Scout Tower |
| 21:03 | Scout Tower |
| 21:18 | Bash |
| 21:33 | Guard Tower |
| 21:58 | Scout Tower |
| 22:08 | Staff of Sanctuary |
| 23:18 | Scout Tower |
| 23:19 | Scout Tower |
| 23:19 | Scout Tower |
| 24:05 | Scout Tower |
| 24:06 | Scout Tower |
| 24:06 | Scout Tower |
| 24:07 | Scout Tower |
| 24:08 | Guard Tower |
| 24:31 | Divine Shield |
| 24:41 | Guard Tower |
| 24:47 | Blizzard |
| 30:46 | Storm Bolt |
| 34:56 | Holy Light |
| 36:35 | Bash |
| 47:00 | Divine Shield |
| 48:48 | Storm Bolt |
| 48:53 | Mass Teleport |
| 49:23 | Farm |
| 50:16 | Holy Light |
| 52:15 | Scout Tower |
| 52:16 | Scout Tower |
| 52:17 | Scout Tower |
| 52:17 | Scout Tower |
| 52:18 | Scout Tower |
| 52:18 | Scout Tower |
| 52:19 | Scout Tower |
| 52:19 | Scout Tower |
| 52:19 | Scout Tower |
| 52:19 | Scout Tower |
| 52:19 | Scout Tower |
| 52:20 | Scout Tower |
| 52:21 | Scout Tower |
| 52:21 | Scout Tower |
| 52:21 | Scout Tower |
| 52:22 | Scout Tower |
| 52:22 | Scout Tower |
| 52:23 | Scout Tower |
| 52:24 | Scout Tower |
| 52:24 | Scout Tower |
| 52:32 | Scout Tower |
| 52:33 | Scout Tower |
| 52:34 | Scout Tower |
| 52:34 | Scout Tower |
| 52:35 | Scout Tower |
| 52:47 | Scout Tower |
| 53:00 | Guard Tower |
| 53:03 | Scout Tower |
| 53:03 | Scout Tower |
| 53:05 | Scout Tower |
| 53:06 | Guard Tower |
| 53:14 | Guard Tower |
| 53:28 | Guard Tower |
| 53:29 | Guard Tower |
| 53:34 | Guard Tower |
| 53:39 | Guard Tower |
| 53:48 | Guard Tower |
| 53:55 | Guard Tower |
| 54:31 | Guard Tower |
| 55:08 | Brilliance Aura |
| 55:50 | Avatar |
| 56:35 | Blacksmith |
| 56:39 | Farm |
| 56:39 | Farm |
| 57:17 | Farm |
| 57:17 | Farm |
| 57:17 | Farm |
| 57:17 | Farm |
| 57:48 | Workshop |
| 57:48 | Workshop |
| 57:49 | Workshop |
| 58:14 | Workshop |
| 59:11 | Flying Machine Bombs |
| 59:11 | Flak Cannons |
| 59:11 | Flying Machine |
| 59:12 | Flying Machine |
| 59:12 | Flying Machine |
| 59:20 | Divine Shield |
| 59:29 | Flying Machine |
| 59:29 | Flying Machine |
| 59:29 | Flying Machine |
| 59:29 | Flying Machine |
| 59:32 | Workshop |
| 59:33 | Workshop |
| 59:39 | Farm |
| 59:40 | Farm |
| 59:49 | Flying Machine |
| 59:50 | Flying Machine |
| 60:04 | Black Gunpowder |
| 60:32 | Flying Machine |
| 60:32 | Flying Machine |
| 60:32 | Flying Machine |
| 60:33 | Flying Machine |
| 60:44 | Flying Machine |
| 60:44 | Flying Machine |
| 61:27 | Refined Gunpowder |
| 61:53 | Flying Machine |
| 61:53 | Flying Machine |
| 61:53 | Flying Machine |
| 61:53 | Flying Machine |
| 61:53 | Flying Machine |
| Right click | 4876 |
| Select | 2607 |
| Select group | 1284 |
| Assign group | 340 |
| Build/train/purchase | 302 |
| Use ability | 261 |
| Misc. action | 90 |
| Minimap ping | 45 |
| Chat | 40 |
| Item give/drop | 10 |
| Resource trade | 7 |
| Remove unit | 2 |
⇛
iggythefisk
(63:56) : | Peasant | 35 | 2625 | / | 0 |
| Dragonhawk Rider | 37 | 7400 | / | 1110 |
| total: | 72 | 10025g | / | 1110w |
| Scout Tower | 78 | 2340 | / | 1560 |
| Arcane Tower | 7 | 490 | / | 350 |
| Guard Tower | 38 | 2660 | / | 1900 |
| Altar of Kings | 1 | 180 | / | 50 |
| Lumber Mill | 1 | 120 | / | 0 |
| Farm | 7 | 560 | / | 140 |
| Arcane Vault | 1 | 130 | / | 30 |
| Blacksmith | 1 | 140 | / | 60 |
| Town Hall | 2 | 770 | / | 410 |
| Barracks | 1 | 160 | / | 60 |
| Arcane Sanctum | 1 | 150 | / | 140 |
| Gryphon Aviary | 1 | 140 | / | 150 |
| Keep | 1 | 320 | / | 210 |
| Castle | 1 | 360 | / | 210 |
| total: | 94 | 4690g | / | 2600w |
| 0:01 | Peasant |
| 0:03 | Altar of Kings |
| 0:07 | Peasant |
| 0:18 | Peasant |
| 0:33 | Lumber Mill |
| 0:37 | Farm |
| 0:38 | Peasant |
| 0:44 | Peasant |
| 0:57 | Farm |
| 1:00 | Peasant |
| 1:11 | Peasant |
| 1:23 | Peasant |
| 1:29 | Peasant |
| 1:39 | Improved Masonry |
| 1:43 | Peasant |
| 1:46 | Scout Tower |
| 1:54 | Peasant |
| 2:04 | Scout Tower |
| 2:11 | Arcane Vault |
| 2:14 | Peasant |
| 2:24 | Arcane Tower |
| 2:26 | Scout Tower |
| 2:34 | Peasant |
| 2:43 | Guard Tower |
| 2:47 | Scout Tower |
| 2:48 | Scout Tower |
| 2:48 | Scout Tower |
| 2:49 | Peasant |
| 2:57 | Scout Tower |
| 3:05 | Peasant |
| 3:08 | Guard Tower |
| 3:18 | Scout Tower |
| 3:21 | Farm |
| 3:24 | Arcane Tower |
| 3:34 | Peasant |
| 3:44 | Guard Tower |
| 3:47 | Peasant |
| 3:54 | Guard Tower |
| 4:00 | Guard Tower |
| 4:07 | Peasant |
| 4:24 | Guard Tower |
| 4:26 | Scout Tower |
| 4:27 | Scout Tower |
| 4:28 | Peasant |
| 4:58 | Keep |
| 5:06 | Guard Tower |
| 5:11 | Scout Tower |
| 5:39 | Guard Tower |
| 5:43 | Scout Tower |
| 5:44 | Scout Tower |
| 5:45 | Guard Tower |
| 5:50 | Blacksmith |
| 6:12 | Guard Tower |
| 6:16 | Scout Tower |
| 6:16 | Scout Tower |
| 7:09 | Iron Forged Swords |
| 7:10 | Studded Leather Armor |
| 7:19 | Advanced Masonry |
| 7:24 | Arcane Sanctum |
| 7:31 | Guard Tower |
| 7:31 | Guard Tower |
| 7:42 | Peasant |
| 7:42 | Peasant |
| 7:43 | Peasant |
| 8:00 | Town Hall |
| 8:03 | Scout Tower |
| 8:04 | Scout Tower |
| 8:29 | Peasant |
| 8:51 | Magic Sentry |
| 8:55 | Arcane Tower |
| 8:56 | Guard Tower |
| 8:57 | Scout Tower |
| 9:13 | Guard Tower |
| 9:15 | Scout Tower |
| 9:15 | Scout Tower |
| 9:18 | Scout Tower |
| 9:19 | Scout Tower |
| 9:28 | Guard Tower |
| 9:42 | Peasant |
| 9:43 | Peasant |
| 9:50 | Improved Lumber Harvesting |
| 10:08 | Peasant |
| 10:19 | Gryphon Aviary |
| 10:21 | Peasant |
| 10:37 | Castle |
| 10:42 | Peasant |
| 11:01 | Guard Tower |
| 11:09 | Reinforced Leather Armor |
| 11:31 | Barracks |
| 11:44 | Dragonhawk Rider |
| 12:02 | Farm |
| 12:12 | Dragonhawk Rider |
| 12:37 | Dragonhawk Rider |
| 12:41 | Dragonhide Armor |
| 12:45 | Farm |
| 12:48 | Guard Tower |
| 12:53 | Scout Tower |
| 12:54 | Scout Tower |
| 13:01 | Dragonhawk Rider |
| 13:05 | Animal War Training |
| 13:12 | Imbued Masonry |
| 13:12 | Advanced Lumber Harvesting |
| 13:26 | Peasant |
| 13:26 | Peasant |
| 13:56 | Dragonhawk Rider |
| 13:58 | Guard Tower |
| 14:00 | Scout Tower |
| 14:00 | Scout Tower |
| 14:42 | Scout Tower |
| 14:43 | Scout Tower |
| 14:44 | Scout Tower |
| 14:45 | Scout Tower |
| 14:47 | Scout Tower |
| 14:49 | Scout Tower |
| 14:49 | Scout Tower |
| 14:50 | Scout Tower |
| 14:54 | Dragonhawk Rider |
| 14:55 | Guard Tower |
| 14:58 | Scout Tower |
| 14:59 | Scout Tower |
| 15:01 | Scout Tower |
| 15:02 | Scout Tower |
| 15:47 | Dragonhawk Rider |
| 15:48 | Guard Tower |
| 16:37 | Guard Tower |
| 17:07 | Guard Tower |
| 17:08 | Guard Tower |
| 17:10 | Guard Tower |
| 17:12 | Scout Tower |
| 17:12 | Scout Tower |
| 17:13 | Scout Tower |
| 17:13 | Scout Tower |
| 17:43 | Scout Tower |
| 17:44 | Scout Tower |
| 17:45 | Guard Tower |
| 17:50 | Town Hall |
| 17:52 | Scout Tower |
| 17:52 | Scout Tower |
| 18:44 | Dragonhawk Rider |
| 18:53 | Guard Tower |
| 18:55 | Guard Tower |
| 19:04 | Dragonhawk Rider |
| 19:11 | Guard Tower |
| 19:21 | Scout Tower |
| 19:22 | Scout Tower |
| 19:57 | Dragonhawk Rider |
| 19:57 | Dragonhawk Rider |
| 19:57 | Dragonhawk Rider |
| 20:18 | Guard Tower |
| 20:20 | Peasant |
| 20:20 | Peasant |
| 20:21 | Scout Tower |
| 20:22 | Scout Tower |
| 20:24 | Scout Tower |
| 20:30 | Steel Forged Swords |
| 20:33 | Scout Tower |
| 20:34 | Scout Tower |
| 20:45 | Peasant |
| 21:09 | Guard Tower |
| 21:32 | Guard Tower |
| 21:34 | Scout Tower |
| 21:35 | Scout Tower |
| 21:53 | Guard Tower |
| 21:54 | Scout Tower |
| 21:55 | Scout Tower |
| 21:55 | Scout Tower |
| 22:10 | Storm Hammers |
| 22:12 | Cloud |
| 22:21 | Mithril Forged Swords |
| 22:25 | Guard Tower |
| 22:28 | Peasant |
| 23:09 | Guard Tower |
| 23:12 | Scout Tower |
| 23:13 | Scout Tower |
| 23:14 | Scout Tower |
| 23:14 | Scout Tower |
| 24:15 | Dragonhawk Rider |
| 24:15 | Dragonhawk Rider |
| 24:15 | Dragonhawk Rider |
| 24:16 | Dragonhawk Rider |
| 24:17 | Guard Tower |
| 24:22 | Scout Tower |
| 24:23 | Scout Tower |
| 24:28 | Scout Tower |
| 24:28 | Scout Tower |
| 24:29 | Scout Tower |
| 24:31 | Dragonhawk Rider |
| 24:52 | Dragonhawk Rider |
| 24:59 | Guard Tower |
| 25:17 | Scout Tower |
| 25:17 | Scout Tower |
| 25:20 | Dragonhawk Rider |
| 26:04 | Farm |
| 26:06 | Farm |
| 26:19 | Guard Tower |
| 26:35 | Peasant |
| 26:37 | Dragonhawk Rider |
| 27:10 | Dragonhawk Rider |
| 31:10 | Dragonhawk Rider |
| 31:10 | Dragonhawk Rider |
| 31:10 | Dragonhawk Rider |
| 32:58 | Dragonhawk Rider |
| 35:04 | Dragonhawk Rider |
| 37:04 | Dragonhawk Rider |
| 37:04 | Dragonhawk Rider |
| 44:01 | Dragonhawk Rider |
| 44:02 | Dragonhawk Rider |
| 44:02 | Dragonhawk Rider |
| 44:02 | Dragonhawk Rider |
| 44:45 | Scout Tower |
| 44:45 | Scout Tower |
| 46:00 | Guard Tower |
| 46:01 | Scout Tower |
| 46:03 | Scout Tower |
| 46:04 | Scout Tower |
| 46:05 | Scout Tower |
| 46:06 | Scout Tower |
| 46:07 | Scout Tower |
| 46:08 | Scout Tower |
| 46:37 | Arcane Tower |
| 46:38 | Arcane Tower |
| 46:40 | Arcane Tower |
| 47:09 | Arcane Tower |
| 52:08 | Dragonhawk Rider |
| 55:17 | Dragonhawk Rider |
| 55:17 | Dragonhawk Rider |
| 55:17 | Dragonhawk Rider |
| 63:32 | Dragonhawk Rider |
| Right click | 4177 |
| Select group | 1755 |
| Assign group | 1050 |
| Select | 964 |
| Build/train/purchase | 267 |
| Use ability | 209 |
| Resource trade | 106 |
| Misc. action | 23 |
| Chat | 17 |
| Minimap ping | 8 |
| Remove unit | 7 |
⇛
TIMG4STRok
(63:56) : 


| Orb of Fire | 2 | 650 |
| Staff of Sanctuary | 3 | 750 |
| Boots of Speed | 3 | 750 |
| Staff of Teleportation | 3 | 450 |
| Periapt of Vitality | 2 | 650 |
| Potion of Lesser Invulnerability | 1 | 150 |
| Circlet of Nobility | 2 | 350 |
| total: | 16 | 3750g |
| Peasant | 23 | 1725 | / | 0 |
| Dragonhawk Rider | 8 | 1600 | / | 240 |
| Priest | 1 | 135 | / | 10 |
| total: | 32 | 3460g | / | 250w |
| Scout Tower | 81 | 2430 | / | 1620 |
| Arcane Tower | 6 | 420 | / | 300 |
| Guard Tower | 37 | 2590 | / | 1850 |
| Altar of Kings | 1 | 180 | / | 50 |
| Farm | 5 | 400 | / | 100 |
| Lumber Mill | 2 | 240 | / | 0 |
| Town Hall | 2 | 770 | / | 410 |
| Arcane Vault | 1 | 130 | / | 30 |
| Blacksmith | 1 | 140 | / | 60 |
| Barracks | 1 | 160 | / | 60 |
| Arcane Sanctum | 1 | 150 | / | 140 |
| Gryphon Aviary | 2 | 280 | / | 300 |
| Keep | 1 | 320 | / | 210 |
| Castle | 1 | 360 | / | 210 |
| total: | 97 | 4880g | / | 2770w |
| 0:03 | Peasant |
| 0:03 | Peasant |
| 0:05 | Altar of Kings |
| 0:08 | Farm |
| 0:10 | Peasant |
| 0:26 | Peasant |
| 0:32 | Peasant |
| 1:00 | Scout Tower |
| 1:04 | Peasant |
| 1:04 | Peasant |
| 1:09 | Farm |
| 1:16 | Peasant |
| 1:21 | Lumber Mill |
| 1:28 | Arcane Tower |
| 1:30 | Scout Tower |
| 1:43 | Farm |
| 2:01 | Scout Tower |
| 2:03 | Peasant |
| 2:03 | Peasant |
| 2:13 | Lumber Mill |
| 2:16 | Blizzard |
| 2:20 | Arcane Tower |
| 2:40 | Scout Tower |
| 2:43 | Farm |
| 2:45 | Scout Tower |
| 2:57 | Guard Tower |
| 3:06 | Peasant |
| 3:06 | Peasant |
| 3:06 | Peasant |
| 3:13 | Guard Tower |
| 3:14 | Scout Tower |
| 3:22 | Arcane Tower |
| 3:40 | Peasant |
| 3:51 | Peasant |
| 4:16 | Brilliance Aura |
| 4:25 | Town Hall |
| 4:32 | Peasant |
| 4:32 | Peasant |
| 4:37 | Guard Tower |
| 4:49 | Boots of Speed |
| 4:49 | Staff of Teleportation |
| 5:54 | Scout Tower |
| 5:56 | Scout Tower |
| 5:58 | Scout Tower |
| 5:59 | Scout Tower |
| 6:00 | Scout Tower |
| 6:01 | Keep |
| 6:05 | Scout Tower |
| 6:06 | Scout Tower |
| 6:09 | Peasant |
| 6:09 | Peasant |
| 6:28 | Periapt of Vitality |
| 6:32 | Guard Tower |
| 6:48 | Guard Tower |
| 6:48 | Guard Tower |
| 6:53 | Scout Tower |
| 6:56 | Peasant |
| 6:56 | Peasant |
| 6:59 | Guard Tower |
| 7:05 | Improved Masonry |
| 7:17 | Arcane Vault |
| 7:21 | Peasant |
| 7:23 | Peasant |
| 7:26 | Guard Tower |
| 7:28 | Scout Tower |
| 7:35 | Blizzard |
| 7:41 | Scout Tower |
| 7:42 | Scout Tower |
| 7:56 | Guard Tower |
| 7:59 | Scout Tower |
| 7:59 | Scout Tower |
| 8:40 | Scout Tower |
| 8:40 | Scout Tower |
| 8:44 | Castle |
| 8:45 | Guard Tower |
| 8:46 | Arcane Tower |
| 8:49 | Scout Tower |
| 8:50 | Scout Tower |
| 8:55 | Arcane Sanctum |
| 9:00 | Gryphon Aviary |
| 9:11 | Gryphon Aviary |
| 9:14 | Guard Tower |
| 9:16 | Scout Tower |
| 9:17 | Scout Tower |
| 9:19 | Advanced Masonry |
| 9:25 | Guard Tower |
| 9:29 | Guard Tower |
| 9:31 | Guard Tower |
| 9:37 | Guard Tower |
| 9:51 | Guard Tower |
| 9:55 | Scout Tower |
| 10:05 | Farm |
| 10:08 | Magic Sentry |
| 10:10 | Guard Tower |
| 10:15 | Improved Lumber Harvesting |
| 10:19 | Scout Tower |
| 10:20 | Scout Tower |
| 10:23 | Scout Tower |
| 10:24 | Scout Tower |
| 10:43 | Dragonhawk Rider |
| 10:44 | Dragonhawk Rider |
| 10:52 | Guard Tower |
| 10:55 | Scout Tower |
| 10:57 | Scout Tower |
| 10:58 | Scout Tower |
| 10:59 | Scout Tower |
| 11:06 | Scout Tower |
| 11:08 | Scout Tower |
| 11:09 | Scout Tower |
| 11:16 | Dragonhawk Rider |
| 11:31 | Guard Tower |
| 11:34 | Scout Tower |
| 11:35 | Scout Tower |
| 11:36 | Scout Tower |
| 11:37 | Scout Tower |
| 11:38 | Scout Tower |
| 11:38 | Scout Tower |
| 11:39 | Scout Tower |
| 11:44 | Storm Bolt |
| 11:46 | Orb of Fire |
| 11:51 | Staff of Sanctuary |
| 11:57 | Scout Tower |
| 11:59 | Scout Tower |
| 12:00 | Scout Tower |
| 12:07 | Guard Tower |
| 12:12 | Potion of Lesser Invulnerability |
| 12:15 | Boots of Speed |
| 12:17 | Staff of Teleportation |
| 12:20 | Circlet of Nobility |
| 12:35 | Dragonhawk Rider |
| 12:52 | Guard Tower |
| 13:34 | Scout Tower |
| 13:34 | Scout Tower |
| 13:35 | Scout Tower |
| 13:35 | Scout Tower |
| 13:36 | Scout Tower |
| 13:37 | Scout Tower |
| 13:57 | Staff of Sanctuary |
| 14:08 | Guard Tower |
| 14:47 | Priest Adept Training |
| 14:47 | Priest |
| 15:00 | Guard Tower |
| 15:15 | Imbued Masonry |
| 15:31 | Scout Tower |
| 15:32 | Scout Tower |
| 15:38 | Guard Tower |
| 15:48 | Blacksmith |
| 15:51 | Barracks |
| 15:54 | Holy Light |
| 16:27 | Orb of Fire |
| 16:27 | Staff of Sanctuary |
| 17:25 | Circlet of Nobility |
| 17:25 | Periapt of Vitality |
| 17:26 | Boots of Speed |
| 17:26 | Staff of Teleportation |
| 17:54 | Brilliance Aura |
| 18:36 | Thunder Clap |
| 19:20 | Guard Tower |
| 19:21 | Scout Tower |
| 19:22 | Scout Tower |
| 19:22 | Scout Tower |
| 19:23 | Scout Tower |
| 19:24 | Scout Tower |
| 19:24 | Scout Tower |
| 20:20 | Divine Shield |
| 21:00 | Guard Tower |
| 21:01 | Animal War Training |
| 21:02 | Studded Leather Armor |
| 21:02 | Iron Forged Swords |
| 22:04 | Guard Tower |
| 22:05 | Scout Tower |
| 22:06 | Scout Tower |
| 22:06 | Scout Tower |
| 22:07 | Scout Tower |
| 22:11 | Scout Tower |
| 22:12 | Scout Tower |
| 22:13 | Scout Tower |
| 22:13 | Scout Tower |
| 22:16 | Advanced Lumber Harvesting |
| 22:17 | Reinforced Leather Armor |
| 22:36 | Guard Tower |
| 24:27 | Holy Light |
| 24:33 | Storm Bolt |
| 25:52 | Guard Tower |
| 25:55 | Scout Tower |
| 25:56 | Scout Tower |
| 25:56 | Scout Tower |
| 25:59 | Arcane Tower |
| 26:03 | Arcane Tower |
| 26:32 | Blizzard |
| 26:42 | Guard Tower |
| 27:53 | Guard Tower |
| 27:55 | Scout Tower |
| 27:56 | Scout Tower |
| 27:57 | Scout Tower |
| 27:58 | Scout Tower |
| 27:58 | Scout Tower |
| 27:59 | Scout Tower |
| 28:06 | Dragonhide Armor |
| 28:07 | Steel Forged Swords |
| 29:27 | Cloud |
| 29:28 | Dragonhawk Rider |
| 29:28 | Dragonhawk Rider |
| 29:29 | Dragonhawk Rider |
| 30:50 | Guard Tower |
| 33:31 | Thunder Clap |
| 34:11 | Devotion Aura |
| 39:58 | Dragonhawk Rider |
| 41:42 | Brilliance Aura |
| 43:25 | Holy Light |
| 44:02 | Storm Bolt |
| 44:18 | Storm Bolt |
| 48:28 | Devotion Aura |
| 49:54 | Summon Water Elemental |
| 49:56 | Avatar |
| 55:12 | Devotion Aura |
| 56:39 | Thunder Clap |
| 57:11 | Summon Water Elemental |
| 58:04 | Town Hall |
| 58:10 | Scout Tower |
| 58:11 | Scout Tower |
| 58:19 | Scout Tower |
| 58:40 | Guard Tower |
| 58:46 | Guard Tower |
| Right click | 5591 |
| Select group | 4823 |
| Chat | 662 |
| Select | 541 |
| Use ability | 312 |
| Build/train/purchase | 182 |
| Minimap ping | 88 |
| Misc. action | 83 |
| Resource trade | 47 |
| Assign group | 18 |
| Item give/drop | 11 |



| Scroll of Regeneration | 5 | 500 |
| Potion of Healing | 7 | 1050 |
| Lesser Clarity Potion | 2 | 140 |
| Staff of Sanctuary | 3 | 750 |
| Orb of Fire | 2 | 650 |
| Potion of Mana | 2 | 400 |
| Scroll of Town Portal | 1 | 350 |
| Staff of Teleportation | 3 | 450 |
| Boots of Speed | 3 | 750 |
| total: | 28 | 5040g |
| Peasant | 22 | 1650 | / | 0 |
| Dragonhawk Rider | 12 | 2400 | / | 360 |
| Priest | 2 | 270 | / | 20 |
| Flying Machine | 8 | 800 | / | 240 |
| total: | 44 | 5120g | / | 620w |
| Scout Tower | 116 | 3480 | / | 2320 |
| Arcane Tower | 8 | 560 | / | 400 |
| Guard Tower | 105 | 7350 | / | 5250 |
| Altar of Kings | 2 | 360 | / | 100 |
| Farm | 6 | 480 | / | 120 |
| Lumber Mill | 1 | 120 | / | 0 |
| Arcane Vault | 2 | 260 | / | 60 |
| Town Hall | 1 | 385 | / | 205 |
| Blacksmith | 2 | 280 | / | 120 |
| Barracks | 1 | 160 | / | 60 |
| Gryphon Aviary | 1 | 140 | / | 150 |
| Arcane Sanctum | 2 | 300 | / | 280 |
| Workshop | 1 | 140 | / | 140 |
| Keep | 2 | 640 | / | 420 |
| Castle | 1 | 360 | / | 210 |
| total: | 135 | 6105g | / | 3555w |
| 0:04 | Peasant |
| 0:04 | Peasant |
| 0:05 | Peasant |
| 0:10 | Altar of Kings |
| 0:11 | Altar of Kings |
| 0:21 | Farm |
| 0:28 | Peasant |
| 0:44 | Peasant |
| 0:53 | Lumber Mill |
| 1:01 | Peasant |
| 1:11 | Peasant |
| 1:21 | Farm |
| 1:23 | Peasant |
| 1:33 | Scout Tower |
| 1:38 | Peasant |
| 1:50 | Scout Tower |
| 1:51 | Peasant |
| 1:59 | Arcane Vault |
| 2:00 | Arcane Tower |
| 2:03 | Peasant |
| 2:09 | Blizzard |
| 2:32 | Guard Tower |
| 2:33 | Scout Tower |
| 2:34 | Scout Tower |
| 2:50 | Scout Tower |
| 2:51 | Scout Tower |
| 3:00 | Scout Tower |
| 3:18 | Brilliance Aura |
| 3:21 | Guard Tower |
| 3:28 | Arcane Tower |
| 3:33 | Scout Tower |
| 3:38 | Guard Tower |
| 3:39 | Peasant |
| 3:39 | Peasant |
| 3:39 | Peasant |
| 3:48 | Guard Tower |
| 4:04 | Staff of Teleportation |
| 4:04 | Boots of Speed |
| 4:07 | Guard Tower |
| 4:17 | Guard Tower |
| 5:04 | Keep |
| 5:15 | Farm |
| 5:16 | Farm |
| 5:18 | Improved Masonry |
| 5:23 | Scroll of Regeneration |
| 5:32 | Scout Tower |
| 5:36 | Scout Tower |
| 5:38 | Scout Tower |
| 5:40 | Scout Tower |
| 5:53 | Scout Tower |
| 5:55 | Scout Tower |
| 6:04 | Guard Tower |
| 6:05 | Guard Tower |
| 6:29 | Guard Tower |
| 6:29 | Guard Tower |
| 6:31 | Scout Tower |
| 6:32 | Scout Tower |
| 6:32 | Scout Tower |
| 6:55 | Guard Tower |
| 6:56 | Guard Tower |
| 7:10 | Guard Tower |
| 7:10 | Guard Tower |
| 7:14 | Scout Tower |
| 7:15 | Scout Tower |
| 7:15 | Scout Tower |
| 7:25 | Gryphon Aviary |
| 8:26 | Advanced Masonry |
| 8:29 | Farm |
| 8:29 | Farm |
| 8:34 | Potion of Healing |
| 8:48 | Storm Bolt |
| 9:09 | Staff of Teleportation |
| 9:13 | Boots of Speed |
| 9:55 | Arcane Sanctum |
| 9:56 | Dragonhawk Rider |
| 9:56 | Dragonhawk Rider |
| 10:18 | Guard Tower |
| 10:20 | Guard Tower |
| 10:22 | Lesser Clarity Potion |
| 10:23 | Scroll of Regeneration |
| 10:29 | Scroll of Regeneration |
| 10:46 | Arcane Sanctum |
| 10:55 | Dragonhawk Rider |
| 10:56 | Castle |
| 11:02 | Lesser Clarity Potion |
| 11:32 | Potion of Healing |
| 11:34 | Potion of Healing |
| 11:45 | Dragonhawk Rider |
| 11:52 | Guard Tower |
| 12:13 | Scout Tower |
| 12:14 | Scout Tower |
| 12:24 | Magic Sentry |
| 12:24 | Priest |
| 12:36 | Scroll of Regeneration |
| 13:04 | Scroll of Regeneration |
| 13:15 | Potion of Healing |
| 13:17 | Potion of Healing |
| 13:33 | Dragonhawk Rider |
| 13:41 | Guard Tower |
| 13:50 | Guard Tower |
| 13:52 | Scout Tower |
| 14:09 | Blizzard |
| 14:19 | Scroll of Town Portal |
| 14:20 | Potion of Healing |
| 14:25 | Guard Tower |
| 14:26 | Scout Tower |
| 14:27 | Scout Tower |
| 14:27 | Scout Tower |
| 14:29 | Scout Tower |
| 14:30 | Scout Tower |
| 14:31 | Scout Tower |
| 14:43 | Scout Tower |
| 14:44 | Scout Tower |
| 14:53 | Arcane Vault |
| 15:05 | Guard Tower |
| 15:06 | Guard Tower |
| 15:14 | Imbued Masonry |
| 15:18 | Guard Tower |
| 15:53 | Dragonhawk Rider |
| 15:53 | Dragonhawk Rider |
| 15:53 | Dragonhawk Rider |
| 15:57 | Holy Light |
| 16:06 | Staff of Sanctuary |
| 16:12 | Guard Tower |
| 16:34 | Guard Tower |
| 16:35 | Guard Tower |
| 17:00 | Orb of Fire |
| 17:08 | Scout Tower |
| 17:09 | Scout Tower |
| 17:10 | Scout Tower |
| 17:24 | Orb of Fire |
| 17:29 | Dragonhawk Rider |
| 17:34 | Scout Tower |
| 17:35 | Scout Tower |
| 17:35 | Scout Tower |
| 17:36 | Scout Tower |
| 17:37 | Guard Tower |
| 17:38 | Scout Tower |
| 17:38 | Scout Tower |
| 17:39 | Scout Tower |
| 17:39 | Scout Tower |
| 17:44 | Staff of Sanctuary |
| 17:48 | Scout Tower |
| 17:49 | Scout Tower |
| 17:51 | Guard Tower |
| 17:58 | Bash |
| 17:59 | Divine Shield |
| 18:06 | Guard Tower |
| 18:24 | Guard Tower |
| 18:27 | Guard Tower |
| 18:39 | Guard Tower |
| 18:42 | Town Hall |
| 18:43 | Scout Tower |
| 18:44 | Scout Tower |
| 18:44 | Scout Tower |
| 18:45 | Scout Tower |
| 18:45 | Scout Tower |
| 19:01 | Guard Tower |
| 19:01 | Scout Tower |
| 19:02 | Scout Tower |
| 19:03 | Scout Tower |
| 19:03 | Scout Tower |
| 19:03 | Scout Tower |
| 19:09 | Staff of Sanctuary |
| 19:16 | Guard Tower |
| 19:22 | Scout Tower |
| 19:23 | Scout Tower |
| 19:23 | Guard Tower |
| 19:24 | Scout Tower |
| 19:25 | Scout Tower |
| 19:25 | Scout Tower |
| 19:26 | Guard Tower |
| 19:29 | Dragonhawk Rider |
| 19:29 | Dragonhawk Rider |
| 19:29 | Dragonhawk Rider |
| 19:32 | Guard Tower |
| 19:41 | Arcane Tower |
| 19:45 | Arcane Tower |
| 19:56 | Guard Tower |
| 20:04 | Arcane Tower |
| 20:29 | Priest |
| 20:34 | Guard Tower |
| 20:34 | Guard Tower |
| 20:34 | Guard Tower |
| 20:43 | Blacksmith |
| 20:44 | Barracks |
| 20:52 | Guard Tower |
| 20:53 | Scout Tower |
| 20:54 | Scout Tower |
| 20:55 | Scout Tower |
| 20:55 | Scout Tower |
| 20:58 | Potion of Healing |
| 21:01 | Guard Tower |
| 21:26 | Guard Tower |
| 21:47 | Peasant |
| 21:47 | Peasant |
| 21:47 | Peasant |
| 21:56 | Animal War Training |
| 22:02 | Iron Forged Swords |
| 22:02 | Studded Leather Armor |
| 22:22 | Guard Tower |
| 22:38 | Guard Tower |
| 22:43 | Potion of Mana |
| 22:43 | Potion of Mana |
| 23:01 | Scout Tower |
| 23:02 | Scout Tower |
| 23:05 | Peasant |
| 23:05 | Peasant |
| 23:05 | Peasant |
| 23:10 | Scout Tower |
| 23:11 | Scout Tower |
| 23:11 | Scout Tower |
| 23:11 | Scout Tower |
| 23:12 | Scout Tower |
| 23:12 | Scout Tower |
| 23:12 | Scout Tower |
| 23:12 | Scout Tower |
| 23:12 | Scout Tower |
| 23:12 | Scout Tower |
| 23:13 | Scout Tower |
| 23:13 | Scout Tower |
| 23:42 | Guard Tower |
| 24:09 | Guard Tower |
| 24:41 | Scout Tower |
| 24:42 | Scout Tower |
| 24:42 | Scout Tower |
| 24:44 | Guard Tower |
| 25:08 | Guard Tower |
| 25:09 | Guard Tower |
| 25:15 | Scout Tower |
| 25:15 | Scout Tower |
| 25:16 | Scout Tower |
| 25:16 | Scout Tower |
| 25:17 | Scout Tower |
| 25:17 | Scout Tower |
| 25:18 | Scout Tower |
| 25:18 | Scout Tower |
| 25:19 | Scout Tower |
| 25:20 | Peasant |
| 25:27 | Cloud |
| 25:30 | Improved Lumber Harvesting |
| 25:31 | Peasant |
| 25:37 | Guard Tower |
| 25:43 | Scout Tower |
| 25:43 | Scout Tower |
| 25:52 | Scout Tower |
| 25:52 | Scout Tower |
| 25:54 | Scout Tower |
| 25:54 | Scout Tower |
| 25:55 | Scout Tower |
| 25:56 | Scout Tower |
| 25:56 | Scout Tower |
| 25:57 | Scout Tower |
| 25:58 | Scout Tower |
| 26:01 | Scout Tower |
| 26:02 | Scout Tower |
| 26:04 | Scout Tower |
| 26:04 | Scout Tower |
| 26:05 | Scout Tower |
| 26:10 | Scout Tower |
| 26:11 | Scout Tower |
| 26:12 | Scout Tower |
| 26:12 | Scout Tower |
| 26:13 | Scout Tower |
| 26:14 | Scout Tower |
| 26:15 | Reinforced Leather Armor |
| 26:16 | Storm Hammers |
| 26:18 | Guard Tower |
| 26:37 | Guard Tower |
| 26:42 | Guard Tower |
| 26:44 | Scout Tower |
| 26:45 | Scout Tower |
| 26:49 | Guard Tower |
| 27:27 | Guard Tower |
| 27:34 | Dragonhide Armor |
| 27:44 | Guard Tower |
| 27:45 | Scout Tower |
| 27:48 | Scout Tower |
| 28:18 | Staff of Teleportation |
| 28:18 | Boots of Speed |
| 29:04 | Guard Tower |
| 29:19 | Guard Tower |
| 29:29 | Guard Tower |
| 30:02 | Guard Tower |
| 30:15 | Guard Tower |
| 30:56 | Guard Tower |
| 31:57 | Holy Light |
| 32:33 | Storm Bolt |
| 33:23 | Brilliance Aura |
| 36:13 | Steel Forged Swords |
| 38:07 | Divine Shield |
| 40:40 | Bash |
| 41:42 | Brilliance Aura |
| 46:08 | Scout Tower |
| 48:27 | Storm Bolt |
| 50:39 | Arcane Tower |
| 51:42 | Blacksmith |
| 51:45 | Workshop |
| 52:59 | Flying Machine |
| 53:00 | Flying Machine |
| 53:22 | Flying Machine |
| 54:30 | Holy Light |
| 54:47 | Mass Teleport |
| 54:56 | Avatar |
| 56:59 | Flying Machine |
| 56:59 | Flying Machine |
| 56:59 | Flying Machine |
| 56:59 | Flying Machine |
| 57:00 | Flying Machine |
| 57:23 | Flying Machine Bombs |
| 61:51 | Divine Shield |
| 62:58 | Bash |
| Right click | 6829 |
| Select | 1390 |
| Select group | 1230 |
| Build/train/purchase | 421 |
| Chat | 296 |
| Use ability | 254 |
| Misc. action | 30 |
| Assign group | 22 |
| Minimap ping | 19 |
| Resource trade | 7 |
| Item give/drop | 4 |
| Remove unit | 3 |
266 units @ 48.6k
/ 9.7k
121 buildings @ 18.4k
/ 9k



| Rod of Necromancy | 1 | 150 |
| Orb of Corruption | 1 | 375 |
| Potion of Mana | 1 | 200 |
| Potion of Healing | 1 | 150 |
| Dust of Appearance | 1 | 75 |
| Scroll of Healing | 1 | 250 |
| Scroll of Town Portal | 1 | 350 |
| Potion of Lesser Invulnerability | 1 | 150 |
| total: | 8 | 1700g |
| Acolyte | 10 | 750 | / | 0 |
| Ghoul | 5 | 600 | / | 0 |
| Crypt Fiend | 9 | 1935 | / | 360 |
| Frost Wyrm | 14 | 5390 | / | 1680 |
| Abomination | 2 | 480 | / | 140 |
| Obsidian Statue | 8 | 1600 | / | 280 |
| Meat Wagon | 2 | 460 | / | 100 |
| total: | 50 | 11215g | / | 2560w |
| Nerubian Tower | 1 | 100 | / | 20 |
| Spirit Tower | 3 | 435 | / | 120 |
| Graveyard | 1 | 215 | / | 0 |
| Crypt | 1 | 200 | / | 50 |
| Altar of Darkness | 1 | 180 | / | 50 |
| Ziggurat | 13 | 1950 | / | 650 |
| Tomb of Relics | 1 | 130 | / | 30 |
| Sacrificial Pit | 1 | 75 | / | 150 |
| Slaughterhouse | 2 | 280 | / | 270 |
| Boneyard | 2 | 350 | / | 400 |
| Halls of the Dead | 1 | 320 | / | 210 |
| Black Citadel | 1 | 325 | / | 230 |
| total: | 22 | 3380g | / | 1600w |
| 0:02 | Acolyte |
| 0:02 | Acolyte |
| 0:07 | Graveyard |
| 0:18 | Crypt |
| 0:35 | Altar of Darkness |
| 0:45 | Ziggurat |
| 1:11 | Tomb of Relics |
| 1:21 | Ghoul |
| 1:37 | Nerubian Tower |
| 1:43 | Crypt Fiend |
| 1:54 | Halls of the Dead |
| 2:07 | Ziggurat |
| 2:11 | Crypt Fiend |
| 2:37 | Rod of Necromancy |
| 2:37 | Dust of Appearance |
| 2:39 | Death Coil |
| 3:03 | Crypt Fiend |
| 3:31 | Crypt Fiend |
| 3:34 | Ziggurat |
| 3:36 | Creature Attack |
| 3:37 | Creature Carapace |
| 4:10 | Crypt Fiend |
| 4:17 | Unholy Aura |
| 4:32 | Black Citadel |
| 4:35 | Sacrificial Pit |
| 4:41 | Ghoul |
| 4:41 | Ghoul |
| 5:22 | Crypt Fiend |
| 5:23 | Burrow |
| 5:26 | Death Coil |
| 6:08 | Ziggurat |
| 6:13 | Slaughterhouse |
| 6:15 | Slaughterhouse |
| 6:18 | Ziggurat |
| 6:26 | Ziggurat |
| 6:30 | Web |
| 6:32 | Crypt Fiend |
| 7:00 | Boneyard |
| 7:02 | Boneyard |
| 7:08 | Ziggurat |
| 7:09 | Ziggurat |
| 8:29 | Freezing Breath |
| 8:34 | Orb of Corruption |
| 8:34 | Scroll of Healing |
| 8:35 | Potion of Mana |
| 8:38 | Frost Wyrm |
| 9:03 | Unholy Aura |
| 9:28 | Ziggurat |
| 9:34 | Frost Wyrm |
| 9:37 | Abomination |
| 10:21 | Frost Wyrm |
| 10:27 | Abomination |
| 10:32 | Improved Creature Attack |
| 10:35 | Acolyte |
| 11:17 | Frost Wyrm |
| 11:30 | Frost Nova |
| 11:45 | Frost Wyrm |
| 14:48 | Acolyte |
| 14:48 | Acolyte |
| 14:48 | Acolyte |
| 14:48 | Acolyte |
| 15:07 | Frost Armor |
| 15:30 | Improved Creature Carapace |
| 17:08 | Frost Wyrm |
| 18:31 | Frost Wyrm |
| 18:51 | Death Coil |
| 19:16 | Frost Wyrm |
| 20:03 | Scroll of Town Portal |
| 20:05 | Potion of Healing |
| 20:54 | Destroyer Form |
| 20:54 | Obsidian Statue |
| 21:02 | Frost Armor |
| 21:18 | Potion of Lesser Invulnerability |
| 22:20 | Obsidian Statue |
| 22:57 | Spirit Tower |
| 22:58 | Spirit Tower |
| 23:00 | Spirit Tower |
| 23:01 | Acolyte |
| 23:01 | Acolyte |
| 23:02 | Acolyte |
| 24:47 | Obsidian Statue |
| 25:08 | Obsidian Statue |
| 25:19 | Advanced Creature Attack |
| 25:26 | Obsidian Statue |
| 25:41 | Frost Nova |
| 26:02 | Crypt Fiend |
| 27:04 | Obsidian Statue |
| 27:43 | Crypt Fiend |
| 27:44 | Obsidian Statue |
| 29:14 | Ghoul |
| 29:14 | Ghoul |
| 29:19 | Animate Dead |
| 32:38 | Obsidian Statue |
| 34:48 | Frost Wyrm |
| 36:10 | Ziggurat |
| 36:10 | Ziggurat |
| 36:11 | Ziggurat |
| 36:12 | Ziggurat |
| 36:27 | Frost Wyrm |
| 37:46 | Silence |
| 38:36 | Frost Wyrm |
| 39:29 | Advanced Creature Carapace |
| 42:01 | Frost Wyrm |
| 42:03 | Meat Wagon |
| 42:04 | Meat Wagon |
| 45:04 | Frost Wyrm |
| 47:02 | Frost Wyrm |
| Right click | 2252 |
| Select | 509 |
| Select group | 207 |
| Build/train/purchase | 200 |
| Use ability | 101 |
| Chat | 89 |
| Misc. action | 38 |
| Assign group | 30 |
| Resource trade | 27 |
| Minimap ping | 14 |
| Item give/drop | 1 |



x1)
| Potion of Healing | 5 | 750 |
| Potion of Mana | 3 | 600 |
| Scroll of Regeneration | 2 | 200 |
| Scroll of Healing | 1 | 250 |
| Scroll of Town Portal | 1 | 350 |
| Tome of Retraining | 1 | 300 |
| Staff of Teleportation | 1 | 150 |
| total: | 14 | 2600g |
| Peasant | 13 | 975 | / | 0 |
| Footman | 16 | 2160 | / | 0 |
| Priest | 10 | 1350 | / | 100 |
| Knight | 4 | 980 | / | 240 |
| Mortar Team | 14 | 2520 | / | 980 |
| Sorceress | 5 | 775 | / | 100 |
| Spell Breaker | 2 | 430 | / | 60 |
| total: | 64 | 9190g | / | 1480w |
| Scout Tower | 1 | 30 | / | 20 |
| Guard Tower | 1 | 70 | / | 50 |
| Altar of Kings | 1 | 180 | / | 50 |
| Farm | 12 | 960 | / | 240 |
| Barracks | 1 | 160 | / | 60 |
| Town Hall | 2 | 770 | / | 410 |
| Blacksmith | 1 | 140 | / | 60 |
| Lumber Mill | 1 | 120 | / | 0 |
| Arcane Vault | 1 | 130 | / | 30 |
| Arcane Sanctum | 1 | 150 | / | 140 |
| Workshop | 2 | 280 | / | 280 |
| Keep | 1 | 320 | / | 210 |
| Castle | 1 | 360 | / | 210 |
| total: | 23 | 2920g | / | 1290w |
| 0:02 | Peasant |
| 0:03 | Peasant |
| 0:07 | Altar of Kings |
| 0:26 | Farm |
| 0:34 | Peasant |
| 0:40 | Barracks |
| 0:53 | Farm |
| 1:00 | Peasant |
| 1:00 | Peasant |
| 1:51 | Footman |
| 1:51 | Footman |
| 2:15 | Footman |
| 2:22 | Peasant |
| 2:22 | Peasant |
| 2:29 | Summon Water Elemental |
| 3:55 | Defend |
| 4:00 | Farm |
| 4:03 | Farm |
| 4:07 | Keep |
| 4:17 | Brilliance Aura |
| 5:20 | Town Hall |
| 5:29 | Farm |
| 5:44 | Footman |
| 5:44 | Footman |
| 5:44 | Footman |
| 6:09 | Scout Tower |
| 6:21 | Summon Water Elemental |
| 6:30 | Footman |
| 6:37 | Peasant |
| 6:37 | Peasant |
| 6:37 | Peasant |
| 6:55 | Peasant |
| 6:55 | Peasant |
| 6:55 | Peasant |
| 6:56 | Footman |
| 6:56 | Footman |
| 6:57 | Footman |
| 7:08 | Blacksmith |
| 7:16 | Lumber Mill |
| 8:19 | Footman |
| 8:19 | Footman |
| 8:19 | Footman |
| 9:06 | Guard Tower |
| 9:10 | Castle |
| 9:16 | Footman |
| 9:17 | Footman |
| 9:17 | Footman |
| 9:50 | Farm |
| 9:51 | Farm |
| 9:52 | Farm |
| 9:59 | Arcane Sanctum |
| 10:07 | Scroll of Healing |
| 11:55 | Priest |
| 11:55 | Priest |
| 12:09 | Workshop |
| 12:14 | Knight |
| 12:14 | Knight |
| 12:15 | Sundering Blades |
| 12:16 | Animal War Training |
| 12:21 | Priest |
| 12:21 | Priest Adept Training |
| 12:37 | Holy Light |
| 13:06 | Improved Lumber Harvesting |
| 13:14 | Iron Forged Swords |
| 13:18 | Black Gunpowder |
| 13:19 | Studded Leather Armor |
| 13:44 | Priest |
| 13:52 | Priest |
| 13:56 | Mortar Team |
| 13:57 | Mortar Team |
| 13:57 | Fragmentation Shards |
| 13:58 | Flare |
| 14:00 | Mortar Team |
| 14:01 | Mortar Team |
| 14:05 | Workshop |
| 15:53 | Mortar Team |
| 15:53 | Mortar Team |
| 15:56 | Mortar Team |
| 15:56 | Mortar Team |
| 16:07 | Farm |
| 16:08 | Farm |
| 16:08 | Farm |
| 16:14 | Farm |
| 16:27 | Blizzard |
| 17:58 | Tome of Retraining |
| 17:58 | Retrain Hero |
| 18:02 | Blizzard |
| 18:02 | Blizzard |
| 18:03 | Brilliance Aura |
| 18:03 | Brilliance Aura |
| 18:51 | Mortar Team |
| 18:51 | Mortar Team |
| 18:53 | Mortar Team |
| 18:54 | Mortar Team |
| 18:56 | Priest Master Training |
| 18:57 | Priest |
| 18:57 | Priest |
| 18:57 | Priest |
| 19:59 | Arcane Vault |
| 20:29 | Scroll of Town Portal |
| 20:31 | Potion of Healing |
| 20:42 | Storm Bolt |
| 20:48 | Knight |
| 20:48 | Knight |
| 20:50 | Priest |
| 20:54 | Potion of Mana |
| 20:55 | Potion of Healing |
| 20:55 | Potion of Healing |
| 20:56 | Potion of Mana |
| 20:57 | Scroll of Regeneration |
| 21:53 | Reinforced Leather Armor |
| 21:53 | Refined Gunpowder |
| 21:58 | Iron Plating |
| 26:35 | Mortar Team |
| 26:37 | Mortar Team |
| 26:41 | Potion of Healing |
| 26:41 | Potion of Healing |
| 26:42 | Scroll of Regeneration |
| 26:43 | Potion of Mana |
| 28:35 | Blizzard |
| 28:43 | Blizzard |
| 31:39 | Thunder Clap |
| 32:42 | Divine Shield |
| 36:02 | Town Hall |
| 37:45 | Sorceress |
| 37:45 | Sorceress |
| 38:33 | Sorceress |
| 38:36 | Sorceress Adept Training |
| 39:21 | Staff of Teleportation |
| 39:46 | Sorceress Master Training |
| 42:12 | Sorceress |
| 42:13 | Sorceress |
| 42:13 | Priest |
| 42:16 | Magic Sentry |
| 43:01 | Steel Forged Swords |
| 44:53 | Spell Breaker |
| 44:53 | Control Magic |
| 44:54 | Spell Breaker |
| Right click | 1140 |
| Select | 489 |
| Build/train/purchase | 188 |
| Use ability | 88 |
| Select group | 84 |
| Resource trade | 68 |
| Assign group | 22 |
| Chat | 13 |
| Remove unit | 4 |
| Misc. action | 1 |



| Healing Salve | 5 | 500 |
| Lesser Clarity Potion | 12 | 840 |
| Scroll of Speed | 1 | 50 |
| Potion of Healing | 2 | 300 |
| Potion of Mana | 4 | 800 |
| Tiny Great Hall | 1 | 600 |
| Scroll of Town Portal | 4 | 1400 |
| total: | 29 | 4490g |
| Peon | 14 | 1050 | / | 0 |
| Grunt | 4 | 800 | / | 0 |
| Demolisher | 19 | 4180 | / | 950 |
| Troll Batrider | 34 | 5440 | / | 1360 |
| Kodo Beast | 2 | 510 | / | 120 |
| Goblin Shredder | 1 | 375 | / | 100 |
| total: | 74 | 12355g | / | 2530w |
| Watch Tower | 7 | 770 | / | 560 |
| Altar of Storms | 2 | 360 | / | 100 |
| Orc Burrow | 7 | 1120 | / | 280 |
| Barracks | 2 | 360 | / | 100 |
| Voodoo Lounge | 2 | 260 | / | 60 |
| Great Hall | 6 | 2310 | / | 1110 |
| War Mill | 1 | 205 | / | 0 |
| Spirit Lodge | 1 | 150 | / | 150 |
| Beastiary | 4 | 580 | / | 560 |
| Stronghold | 1 | 315 | / | 190 |
| Fortress | 1 | 325 | / | 190 |
| total: | 32 | 6115g | / | 2920w |
| 0:04 | Peon |
| 0:04 | Peon |
| 0:06 | Altar of Storms |
| 0:07 | Altar of Storms |
| 0:19 | Peon |
| 0:21 | Orc Burrow |
| 0:38 | Barracks |
| 0:50 | Peon |
| 1:03 | Peon |
| 1:17 | Peon |
| 1:28 | Peon |
| 1:36 | Orc Burrow |
| 1:40 | Grunt |
| 1:53 | Voodoo Lounge |
| 2:01 | Peon |
| 2:10 | Feral Spirit |
| 2:34 | Grunt |
| 2:49 | Stronghold |
| 3:09 | Grunt |
| 3:24 | Chain Lighting |
| 3:28 | Grunt |
| 4:01 | Great Hall |
| 4:16 | Chain Lighting |
| 4:27 | Healing Salve |
| 4:33 | Healing Salve |
| 4:33 | Lesser Clarity Potion |
| 4:33 | Scroll of Speed |
| 5:11 | Fortress |
| 5:16 | War Mill |
| 6:25 | Barracks |
| 6:28 | Spirit Lodge |
| 6:36 | Orc Burrow |
| 6:38 | Peon |
| 6:39 | Peon |
| 6:39 | Peon |
| 6:39 | Peon |
| 7:15 | Beastiary |
| 7:39 | Feral Spirit |
| 8:23 | Goblin Shredder |
| 8:28 | Orc Burrow |
| 9:36 | Beastiary |
| 9:38 | Healing Salve |
| 9:39 | Lesser Clarity Potion |
| 9:42 | Potion of Healing |
| 9:45 | Potion of Mana |
| 9:46 | Scroll of Town Portal |
| 9:51 | Demolisher |
| 9:55 | Shockwave |
| 10:04 | Troll Batrider |
| 10:06 | Liquid Fire |
| 10:16 | Demolisher |
| 10:22 | Orc Burrow |
| 10:23 | Orc Burrow |
| 10:26 | Reinforced Defenses |
| 10:42 | Troll Batrider |
| 11:31 | Demolisher |
| 11:35 | Healing Wave |
| 11:46 | Troll Batrider |
| 12:08 | Burning Oil |
| 12:09 | Demolisher |
| 12:12 | Troll Batrider |
| 13:41 | Demolisher |
| 13:53 | Troll Batrider |
| 14:21 | Troll Batrider |
| 14:22 | Troll Batrider |
| 14:47 | Demolisher |
| 15:11 | Troll Batrider |
| 15:38 | Troll Batrider |
| 15:38 | Troll Batrider |
| 16:14 | Demolisher |
| 16:38 | Beastiary |
| 16:44 | Troll Batrider |
| 16:44 | Troll Batrider |
| 16:55 | Demolisher |
| 17:01 | Steel Ranged Weapons |
| 17:23 | Troll Batrider |
| 17:23 | Troll Batrider |
| 17:23 | Troll Batrider |
| 17:26 | Chain Lighting |
| 17:57 | Troll Batrider |
| 17:57 | Troll Batrider |
| 18:04 | Demolisher |
| 18:41 | Demolisher |
| 18:48 | Orc Burrow |
| 19:26 | Troll Batrider |
| 19:40 | Endurance Aura |
| 19:58 | Demolisher |
| 20:21 | Demolisher |
| 21:06 | Tiny Great Hall |
| 21:21 | Troll Batrider |
| 21:43 | Lesser Clarity Potion |
| 21:59 | Troll Batrider |
| 22:21 | Troll Batrider |
| 23:09 | Thorium Ranged Weapons |
| 23:35 | Demolisher |
| 24:19 | Demolisher |
| 24:20 | Kodo Beast |
| 24:25 | Troll Batrider |
| 24:45 | Demolisher |
| 24:58 | Hex |
| 25:03 | Troll Batrider |
| 25:04 | Demolisher |
| 27:31 | Demolisher |
| 27:33 | Troll Batrider |
| 27:42 | Shockwave |
| 28:06 | Troll Batrider |
| 28:07 | Demolisher |
| 29:02 | Great Hall |
| 29:11 | Potion of Healing |
| 29:11 | Potion of Mana |
| 29:13 | Scroll of Town Portal |
| 29:16 | Healing Salve |
| 29:20 | Lesser Clarity Potion |
| 29:20 | Lesser Clarity Potion |
| 29:31 | Earth Quake |
| 29:49 | Troll Batrider |
| 30:30 | Great Hall |
| 30:39 | Troll Batrider |
| 32:10 | Troll Batrider |
| 32:10 | Demolisher |
| 32:35 | Troll Batrider |
| 32:59 | Kodo Beast |
| 33:03 | Troll Batrider |
| 33:36 | Great Hall |
| 34:03 | Troll Batrider |
| 34:38 | Great Hall |
| 34:45 | Watch Tower |
| 35:56 | Healing Wave |
| 36:03 | Great Hall |
| 36:08 | Troll Batrider |
| 36:41 | Lesser Clarity Potion |
| 36:46 | Lesser Clarity Potion |
| 37:02 | Beastiary |
| 37:04 | Watch Tower |
| 38:20 | War Drums Damage Increase |
| 38:25 | Watch Tower |
| 38:26 | Watch Tower |
| 38:42 | Lesser Clarity Potion |
| 38:42 | Lesser Clarity Potion |
| 39:19 | Watch Tower |
| 39:21 | Peon |
| 39:21 | Peon |
| 39:25 | Watch Tower |
| 39:38 | Troll Batrider |
| 39:43 | Troll Batrider |
| 40:15 | Watch Tower |
| 42:21 | Arcanite Ranged Weapons |
| 42:23 | Spiked Barricades |
| 43:35 | Voodoo Lounge |
| 45:09 | Improved Spiked Barricades |
| 45:53 | Lesser Clarity Potion |
| 47:09 | Scroll of Town Portal |
| 47:09 | Lesser Clarity Potion |
| 47:11 | Potion of Mana |
| 47:13 | Potion of Mana |
| 48:13 | Healing Salve |
| 48:16 | Lesser Clarity Potion |
| 48:18 | Scroll of Town Portal |
| Right click | 3270 |
| Select | 893 |
| Select group | 784 |
| Use ability | 269 |
| Build/train/purchase | 210 |
| Assign group | 174 |
| Chat | 88 |
| Misc. action | 56 |
| Minimap ping | 21 |
| Resource trade | 18 |
| Remove unit | 5 |
| Item give/drop | 4 |
| Esc | 2 |
Frostmourrne
(63:56) : 

| Potion of Healing | 2 | 300 |
| Potion of Mana | 2 | 400 |
| Circlet of Nobility | 1 | 175 |
| Potion of Lesser Invulnerability | 3 | 450 |
| Staff of Teleportation | 1 | 150 |
| Orb of Corruption | 1 | 375 |
| total: | 10 | 1850g |
| Peon | 9 | 675 | / | 0 |
| Wind Rider | 19 | 5035 | / | 760 |
| Troll Batrider | 12 | 1920 | / | 480 |
| Troll Headhunter | 7 | 980 | / | 140 |
| Goblin Zeppelin | 1 | 240 | / | 60 |
| Frost Wyrm | 8 | 3080 | / | 960 |
| Ghoul | 5 | 600 | / | 0 |
| Rifleman | 7 | 1435 | / | 210 |
| Siege Engine | 9 | 1755 | / | 540 |
| Acolyte | 1 | 75 | / | 0 |
| total: | 78 | 15795g | / | 3150w |
| Watch Tower | 28 | 3080 | / | 2240 |
| Altar of Storms | 1 | 180 | / | 50 |
| Orc Burrow | 5 | 800 | / | 200 |
| War Mill | 2 | 410 | / | 0 |
| Great Hall | 1 | 385 | / | 185 |
| Voodoo Lounge | 1 | 130 | / | 30 |
| Beastiary | 3 | 435 | / | 420 |
| Stronghold | 1 | 315 | / | 190 |
| Fortress | 1 | 325 | / | 190 |
| Farm | 1 | 80 | / | 20 |
| Necropolis | 2 | 450 | / | 0 |
| total: | 44 | 5950g | / | 3145w |
| 0:05 | Altar of Storms |
| 0:09 | Orc Burrow |
| 0:13 | Peon |
| 0:22 | Peon |
| 0:41 | Peon |
| 0:49 | Peon |
| 1:07 | Peon |
| 1:22 | Peon |
| 1:28 | Peon |
| 2:08 | Wind Walk |
| 8:14 | Critical Strike |
| 11:29 | Wind Walk |
| 13:45 | Goblin Zeppelin |
| 15:55 | Circlet of Nobility |
| 15:56 | Potion of Lesser Invulnerability |
| 16:05 | Staff of Teleportation |
| 18:37 | Orb of Corruption |
| 18:38 | Potion of Healing |
| 18:40 | Potion of Mana |
| 19:30 | Potion of Lesser Invulnerability |
| 20:34 | Potion of Healing |
| 20:37 | Potion of Mana |
| 21:54 | Stronghold |
| 22:02 | Orc Burrow |
| 22:46 | Orc Burrow |
| 22:57 | Orc Burrow |
| 23:38 | War Mill |
| 23:53 | Orc Burrow |
| 24:47 | Critical Strike |
| 25:03 | Watch Tower |
| 25:42 | Great Hall |
| 25:50 | Watch Tower |
| 25:50 | Watch Tower |
| 25:51 | Watch Tower |
| 25:51 | Watch Tower |
| 25:52 | Watch Tower |
| 25:52 | Watch Tower |
| 25:53 | Watch Tower |
| 25:53 | Watch Tower |
| 25:54 | Watch Tower |
| 26:19 | Watch Tower |
| 26:33 | Watch Tower |
| 26:34 | Watch Tower |
| 26:34 | Watch Tower |
| 26:35 | Watch Tower |
| 26:35 | Watch Tower |
| 26:35 | Watch Tower |
| 26:36 | Watch Tower |
| 26:36 | Watch Tower |
| 28:13 | Fortress |
| 28:20 | Watch Tower |
| 28:23 | Watch Tower |
| 28:24 | Watch Tower |
| 28:25 | Watch Tower |
| 29:43 | Beastiary |
| 29:46 | Beastiary |
| 31:16 | Voodoo Lounge |
| 32:38 | Wind Rider |
| 32:38 | Wind Rider |
| 32:38 | Wind Rider |
| 34:10 | Wind Rider |
| 36:15 | Watch Tower |
| 36:31 | Reinforced Defenses |
| 36:34 | Envenomed Spears |
| 37:53 | Silence |
| 38:19 | Watch Tower |
| 40:15 | Watch Tower |
| 40:16 | Watch Tower |
| 40:17 | Watch Tower |
| 42:36 | Wind Rider |
| 42:36 | Wind Rider |
| 42:36 | Wind Rider |
| 42:36 | Wind Rider |
| 42:46 | Troll Batrider |
| 42:47 | Troll Batrider |
| 42:47 | Troll Batrider |
| 42:47 | Troll Batrider |
| 42:47 | Troll Batrider |
| 42:47 | Troll Batrider |
| 42:47 | Troll Batrider |
| 43:07 | Beastiary |
| 44:33 | Liquid Fire |
| 44:59 | Potion of Lesser Invulnerability |
| 45:20 | Troll Batrider |
| 47:41 | Wind Walk |
| 47:48 | Troll Batrider |
| 47:48 | Troll Batrider |
| 47:48 | Troll Batrider |
| 47:48 | Troll Batrider |
| 51:14 | War Mill |
| 51:16 | Peon |
| 51:26 | Frost Wyrm |
| 51:34 | Ghoul |
| 51:34 | Ghoul |
| 51:34 | Ghoul |
| 51:37 | Ghoul |
| 51:37 | Ghoul |
| 51:58 | Rifleman |
| 51:58 | Rifleman |
| 51:58 | Rifleman |
| 51:58 | Rifleman |
| 51:58 | Rifleman |
| 51:58 | Rifleman |
| 51:59 | Rifleman |
| 52:05 | Siege Engine |
| 52:05 | Siege Engine |
| 52:05 | Siege Engine |
| 52:05 | Siege Engine |
| 52:06 | Siege Engine |
| 52:06 | Siege Engine |
| 52:06 | Siege Engine |
| 53:05 | Troll Headhunter |
| 53:05 | Troll Headhunter |
| 53:05 | Troll Headhunter |
| 53:05 | Troll Headhunter |
| 53:05 | Troll Headhunter |
| 53:05 | Troll Headhunter |
| 53:05 | Troll Headhunter |
| 53:23 | Wind Rider |
| 53:23 | Wind Rider |
| 53:23 | Wind Rider |
| 53:23 | Wind Rider |
| 53:23 | Wind Rider |
| 53:24 | Wind Rider |
| 53:24 | Wind Rider |
| 53:40 | Frost Wyrm |
| 53:41 | Frost Wyrm |
| 53:50 | Barrage |
| 53:59 | Siege Engine |
| 53:59 | Siege Engine |
| 54:55 | Frost Wyrm |
| 54:55 | Frost Wyrm |
| 54:55 | Frost Wyrm |
| 54:55 | Frost Wyrm |
| 55:18 | Wind Rider |
| 55:18 | Wind Rider |
| 55:18 | Wind Rider |
| 55:19 | Wind Rider |
| 56:28 | Peon |
| 57:02 | Acolyte |
| 58:36 | Frost Wyrm |
| 61:43 | Farm |
| 61:58 | Necropolis |
| 63:06 | Necropolis |
| Right click | 1904 |
| Select | 527 |
| Resource trade | 177 |
| Build/train/purchase | 164 |
| Chat | 79 |
| Use ability | 29 |
| Remove unit | 14 |
| Minimap ping | 6 |
| Misc. action | 1 |